AoeStats
← Rafelso

Arabian Desert

509959554Analyzed
1v1 RM · 5d ago on Sep 28, 2026· 12m 48s· 2 players
Game mode
Random Map
Map size
Tiny (2 player)
Population
200
Speed
Normal
Resources
Standard
Victory
Conquest
Starting age
Dark Age
Ending age
Imperial Age
RankedLock teamsTeams togetherTeam positionsShared explorationLock speedFull tech treeHidden civsTurbo modeCheats
Victory
Defeat
🇲🇽 Armenians · Mexico
1930
+9
🇫🇷 Armenians · France
1767
-9
0o___o0
8:37 Feudal Age
8:39 Man-at-Arms
9:35 Long Swordsman
10:10 Loom
12:45 Arson
Rafelso
6:42 Loom
9:30 Feudal Age
9:39 Man-at-Arms
Connection lost

Rejoining the realm…

Still unreachable

The connection could not be restored.

Session expired

The server has moved on; the page needs a fresh start.